 Dungeon Crawl Stone Soup version 0.30-a0-141-g30f27751c5 (webtiles) character file.

Game seed: 2643332104352404996

2561 qw the Cleaver (level 9, -11/55 HPs)
             Began as a Gargoyle Fighter on Sept 25, 2022.
             Was a Believer of Okawaru.
             Killed from afar by an acid dragon (25 damage)
             ... with a splash of acid
             ... on level 7 of the Dungeon.
             The game lasted 00:02:20 (6530 turns).

qw the Cleaver (Gargoyle Fighter)                   Turns: 6530, Time: 00:02:21

Health: -11/55     AC: 13    Str: 24    XL:     9   Next: 56%
Magic:  10/12      EV: 14    Int:  9    God:    Okawaru [**....]
Gold:   527        SH:  5    Dex:  9    Spells: 8/8 levels left

rFire   . . .      SeeInvis +    Y - +0 war axe (flame)
rCold   . . .      Faith    .    c - +0 buckler
rNeg    + . .      Spirit   .    k - +0 chain mail
rPois   inf        Reflect  .    (helmet restricted)
rElec   +          Harm     .    (no cloak)
rCorr   .          Rampage  .    (no gloves)
Will    .....                    (no boots)
Stlth   ..........               (no amulet)
HPRegen 0.18/turn                p - ring of see invisible
MPRegen 0.13/turn                r - +4 ring of evasion

@: heroic, corroded
A: sickness immunity, AC +6, negative energy resistance 1, electricity
resistance, torment resistance 1, petrification resistance, hooves 1, horns 1,
deterioration 1
a: Renounce Religion, Heroism


You were on level 7 of the Dungeon.
You worshipped Okawaru.
Okawaru was pleased with you.
You visited 1 branch of the dungeon, and saw 7 of its levels.

You collected 527 gold pieces.


Innate Abilities, Weirdness & Mutations

You are immune to sickness and miasma.
Your stone body is resilient. (AC +6)
You are immune to poison.
You resist negative energy. (rN+)
You are resistant to electric shocks. (rElec)
You are resistant to unholy torment.
You are immune to petrification.
You have large cloven feet.
You have a pair of small horns on your head.
Your body sometimes deteriorates upon taking damage.


   Skills:
 - Level 6.1(11.1) Fighting
 - Level 9.1(14.1) Axes
 - Level 2.4(7.4) Throwing
 + Level 3.7(8.7) Armour
 - Level 2.7(7.7) Dodging
 - Level 4.0(9.0) Shields
 - Level 4.0 Invocations


You had 8 spell levels left.
You didn't know any spells.
Your spell library was empty.

Inventory:

Hand Weapons
 Y - a +0 war axe of flaming (weapon)
Missiles
 e - 2 boomerangs
 v - 6 javelins (quivered)
Armour
 c - a +0 buckler (worn)
 g - a +0 ring mail of cold resistance
 k - a +0 chain mail (worn)
Jewellery
 b - a ring of flight
 p - a ring of see invisible (left hand)
 q - a ring of fire
 r - a +4 ring of evasion (right hand)
 t - a +6 ring of dexterity
 x - the ring of Moxyhuma {rElec rPois rF- Will++ Dex+4}
   (You found it on level 6 of the Dungeon)

   [ring of poison resistance]

   Dex:       It affects your dexterity (+4).
   rF:        It makes you vulnerable to fire.
   rElec:     It insulates you from electricity.
   rPois:     It protects you from poison.
   Will:      It greatly increases your willpower.
Scrolls
 a - a scroll of identify
 l - a scroll of enchant weapon {unknown}
Potions
 d - 4 potions of might
 f - a potion of haste {unknown}
 h - a potion of mutation
 i - a potion of resistance
 j - a potion of cancellation
 m - 3 potions of curing
 o - a potion of ambrosia {unknown}
 s - a potion of magic
 u - a potion of berserk rage {unknown}
 z - a potion of lignification {unknown}

Dungeon Overview and Level Annotations

Branches:
Dungeon (7/15)             Temple (0/1) D:5

Altars:
Dithmenos
Elyvilon
Kikubaaqudgha
Okawaru
Uskayaw
Wu Jian
Zin
The Shining One

Shops:
D:3 (

Annotations:
D:4 1 runed translucent door, Crazy Yiuf


Message History

The orc priest shoots an arrow.
The arrow barely misses you.
6375 ||| FLEEEEING.
6376 ||| FLEEEEING.
The orc priest shoots an arrow.
You block the arrow.
6377 ||| FLEEEEING.
There is a stone staircase leading down here.
You start resting.
HP restored.
As you open the door, it creaks loudly!
There is an open door here.
You open the door.
There is an open door here.
There is an open door here.
You now have 527 gold pieces (gained 19).
An acid dragon comes into view.
You open the door. The acid dragon spits acid at you.
The splash of acid hits you!!
Ouch! That really hurt!
The acid corrodes you!
You hear a shout!
There is an open door here.
6525 ||| INVOKING Heroism.
You gain the combat prowess of a mighty hero.
Okawaru will no longer gift you throwing weapons.
6526 ||| FLEEEEING.
You block the acid dragon's attack.
The acid dragon claws you but does no damage.
You slash the acid dragon! You burn the acid dragon. You kick the acid dragon.
The acid dragon is heavily wounded.
The acid dragon bites you! The acid dragon closely misses you.
You hit the acid dragon but do no damage.
The acid dragon is heavily wounded.
The acid dragon bites you but does no damage.
The acid dragon claws you but does no damage.
You closely miss the acid dragon. Your kick misses the acid dragon.
The acid dragon is heavily wounded.
The acid dragon spits acid at you. The splash of acid hits you!!
You die...

......#...'..~~~~~..#
......#...#...~~~~..#
#########+#...~~~o~.# .
.>..........#.~~~~~.# ..
............#..~~~~~#...
............#..~~~~~....
............##.#~~~o~...
##########'###.#~D~~~...
# #...#...@~~~~... #
#...#.....~~~... #
#..###'######... ####
#..# #..# # ...# #...
..... ...# #...#...$.#
..## #.###..#### ###
#..# ....


You could see an acid dragon (catching breath) and 2 orcs.

Vanquished Creatures
  Grinder (D:4)
  A wyvern (D:7)
  Eustachio (D:5)
  Menkaure (D:4)
  Edmund (D:5)
  2 water moccasins
  A sky beast (D:6)
  A black bear (D:6)
  3 ogres
  A centaur (D:6)
  A phantom (D:7)
  A bullfrog (D:7)
  3 scorpions
  A necrophage (D:6)
  A jelly (D:5)
  A hound (D:4)
  2 orc priests
  A gnoll bouda (D:7)
  Terence (D:3)
  7 iguanas
  2 orc wizards
  5 gnolls
  10 adders
  3 shadow imps (D:4)
  4 white imps
  An ufetubus (D:5)
  4 worms (D:2)
  4 dart slugs (D:2)
  18 orcs
  11 ball pythons
  6 bats
  6 endoplasms
  3 giant cockroaches
  9 goblins
  11 hobgoblins
  7 quokkas
  3 frilled lizards (D:2)
  4 kobolds
  6 rats
149 creatures vanquished.

Vanquished Creatures (others)
  6 fungi (D:2)
  7 plants (D:2)
13 creatures vanquished.

Grand Total: 162 creatures vanquished

Notes
Turn   | Place    | Note
-------+----------+-------------------------------------------
     0 | D:1      | qw the Gargoyle Fighter began the quest for the Orb.
     0 | D:1      | Reached XP level 1. HP: 14/14 MP: 1/1
     0 | D:1      | 0 ||| qw: Version: 0.2-a-10-g399e6c4
     0 | D:1      | 0 ||| qw: Game counter: 321
     0 | D:1      | 0 ||| qw: Always use a shield: true
     0 | D:1      | 0 ||| qw: God list: Okawaru
     0 | D:1      | 0 ||| qw: Allow faded altars: false
     0 | D:1      | 0 ||| qw: Do Orc after D:15 true
     0 | D:1      | 0 ||| qw: Do second Lair branch before Depths: true
     0 | D:1      | 0 ||| qw: Lair rune preference: random
     0 | D:1      | 0 ||| qw: Plans: Normal, Zot:1-4, God:TSO, Crypt, Tomb,
                  | Pan, Slime:5, Hells, Abyss, Orb
     0 | D:1      | 0 ||| PLANNING D:1-11
    48 | D:1      | Reached skill level 2 in Axes
    85 | D:1      | Reached XP level 2. HP: 17/19 MP: 2/2
   707 | D:2      | 707 ||| STAIRDANCE
   712 | D:1      | Reached skill level 3 in Axes
   733 | D:2      | 733 ||| Stepping ~*~*~tactically~*~*~ (stealth).
   737 | D:2      | Reached XP level 3. HP: 23/23 MP: 3/3
  1159 | D:2      | Reached XP level 4. HP: 28/28 MP: 4/4
  1196 | D:2      | 1196 ||| Stepping ~*~*~tactically~*~*~ (hiding).
  1199 | D:2      | 1199 ||| Stepping ~*~*~tactically~*~*~ (hiding).
  1298 | D:2      | 1298 ||| Stepping ~*~*~tactically~*~*~ (hiding).
  1305 | D:2      | Reached skill level 4 in Axes
  1466 | D:2      | 1466 ||| Stepping ~*~*~tactically~*~*~ (stealth).
  1624 | D:2      | 1624 ||| Stepping ~*~*~tactically~*~*~ (stealth).
  1626 | D:2      | 1626 ||| Stepping ~*~*~tactically~*~*~ (hiding).
  1744 | D:2      | Found a faded altar of an unknown god.
  1873 | D:2      | 1873 ||| UPGRADING to ring of see invisible.
  1874 | D:2      | 1874 ||| UPGRADING to +4 ring of evasion.
  1875 | D:2      | 1875 ||| READING 2 scrolls labelled XUAGAFRIREU.
  1876 | D:2      | 1876 ||| READING scroll labelled OMOVEDWY ITOG.
  1879 | D:2      | 1879 ||| READING 2 scrolls labelled XYCRIOR BEZIXU.
  1880 | D:2      | 1880 ||| READING scroll labelled ERGHOP FAOQ.
  1881 | D:2      | 1881 ||| DROPPING scroll of fear.
  1903 | D:3      | 1903 ||| STAIRDANCE
  1995 | D:3      | 1995 ||| Stepping ~*~*~tactically~*~*~ (stealth).
  1999 | D:3      | 1999 ||| Stepping ~*~*~tactically~*~*~ (stealth).
  2010 | D:3      | Reached XP level 5. HP: 32/32 MP: 5/5
  2142 | D:3      | Found Voefone's Weapon Shop.
  2171 | D:3      | Noticed Terence
  2190 | D:3      | HP: 6/32 [Terence/+2 short sword of freezing (5)]
  2191 | D:3      | 2191 ||| DRINKING potion of heal wounds.
  2193 | D:3      | Killed Terence
  2440 | D:3      | Reached skill level 5 in Axes
  2613 | D:3      | 2613 ||| Stepping ~*~*~tactically~*~*~ (stealth).
  2820 | D:3      | Found an ancient bone altar of Kikubaaqudgha.
  2828 | D:3      | 2828 ||| UPGRADING to +0 chain mail.
  2839 | D:3      | 2839 ||| DROPPING +0 scale mail.
  3044 | D:3      | 3044 ||| DRINKING 3 fuming cyan potions.
  3045 | D:3      | 3045 ||| DRINKING 4 bubbling inky potions.
  3046 | D:3      | 3046 ||| DROPPING 2 potions of invisibility.
  3105 | D:4      | Reached XP level 6. HP: 35/39 MP: 6/6
  3210 | D:4      | Found an iron altar of Okawaru.
  3211 | D:4      | 3211 ||| PLANNING OKAWARU WORSHIP
  3211 | D:4      | 3211 ||| DROPPING ring of positive energy.
  3212 | D:4      | 3212 ||| READING scroll labelled CAATIPNEYC.
  3220 | D:4      | Became a worshipper of Warmaster Okawaru
  3221 | D:4      | 3221 ||| PLANNING D:1-11
  3446 | D:4      | 3446 ||| Stepping ~*~*~tactically~*~*~ (hiding).
  3449 | D:4      | 3449 ||| Stepping ~*~*~tactically~*~*~ (stealth).
  3461 | D:4      | 3461 ||| FLEEEEING.
  3464 | D:4      | 3464 ||| FLEEEEING.
  3464 | D:4      | Noticed Grinder
  3468 | D:4      | 3468 ||| Stepping ~*~*~tactically~*~*~ (hiding).
  3473 | D:4      | Reached skill level 6 in Axes
  3473 | D:4      | Reached XP level 7. HP: 35/44 MP: 7/7
  3483 | D:4      | Killed Grinder
  3483 | D:4      | Reached * piety under Okawaru
  3484 | D:4      | 3484 ||| INVOKING Heroism.
  3643 | D:4      | 3643 ||| DROPPING +0 mace.
  3688 | D:4      | Noticed Menkaure
  3689 | D:4      | 3689 ||| Stepping ~*~*~tactically~*~*~ (hiding).
  3696 | D:4      | 3696 ||| INVOKING Heroism.
  3701 | D:4      | Killed Menkaure
  3868 | D:4      | Found a runed translucent door.
  3869 | D:4      | Noticed Crazy Yiuf
  3914 | D:4      | 3914 ||| Stepping ~*~*~tactically~*~*~ (hiding).
  3916 | D:4      | 3916 ||| Stepping ~*~*~tactically~*~*~ (hiding).
  3917 | D:4      | 3917 ||| Stepping ~*~*~tactically~*~*~ (hiding).
  4448 | D:4      | 4448 ||| UPGRADING to +0 helmet.
  4453 | D:4      | 4453 ||| READING scroll labelled ZEAMOGAUFON.
  4454 | D:4      | 4454 ||| READING scroll labelled ORERGH SUNEN.
  4455 | D:4      | 4455 ||| DRINKING 2 lumpy red potions.
  4455 | D:4      | Gained mutation: You have a pair of small horns on your
                  | head. [potion of mutation]
  4455 | D:4      | Gained mutation: Your body sometimes deteriorates upon
                  | taking damage. [potion of mutation]
  4455 | D:4      | Gained mutation: You have large cloven feet. [potion of
                  | mutation]
  4456 | D:4      | 4456 ||| DROPPING +0 helmet.
  4486 | D:5      | Entered Level 5 of the Dungeon
  4515 | D:5      | Reached XP level 8. HP: 47/48 MP: 8/10
  4516 | D:5      | 4516 ||| Stepping ~*~*~tactically~*~*~ (stealth).
  4526 | D:5      | Reached skill level 3 in Invocations
  4537 | D:5      | 4537 ||| INVOKING Heroism.
  4538 | D:5      | Noticed Edmund
  4548 | D:5      | Killed Edmund
  4555 | D:5      | 4555 ||| DROPPING +0 flail.
  4596 | D:5      | Found a staircase to the Ecumenical Temple.
  4683 | D:5      | 4683 ||| Stepping ~*~*~tactically~*~*~ (hiding).
  4686 | D:5      | 4686 ||| INVOKING Heroism.
  4689 | D:5      | 4689 ||| DRINKING 4 potions of curing.
  4689 | D:5      | 4689 ||| (to cure confusion)
  4698 | D:5      | Reached ** piety under Okawaru
  4699 | D:5      | 4699 ||| Stepping ~*~*~tactically~*~*~ (stealth).
  4819 | D:5      | Reached skill level 1 in Throwing
  4832 | D:5      | 4832 ||| Stepping ~*~*~tactically~*~*~ (hiding).
  4836 | D:5      | Reached skill level 7 in Axes
  4962 | D:5      | 4962 ||| INVOKING Heroism.
  5219 | D:5      | 5219 ||| READING scroll labelled RUIPPE QYKLAA.
  5220 | D:5      | 5220 ||| READING scroll labelled ZOUPLI FINOSE.
  5221 | D:5      | 5221 ||| DRINKING 2 fuming white potions.
  5242 | D:6      | Noticed Eustachio
  5243 | D:6      | 5243 ||| INVOKING Heroism.
  5252 | D:6      | 5252 ||| STAIRDANCE
  5256 | D:5      | Killed Eustachio
  5273 | D:6      | Found an ornate altar of the Wu Jian Council.
  5298 | D:6      | Found a hide-covered altar of Uskayaw.
  5300 | D:6      | 5300 ||| Stepping ~*~*~tactically~*~*~ (hiding).
  5301 | D:6      | 5301 ||| Stepping ~*~*~tactically~*~*~ (hiding).
  5318 | D:6      | Reached skill level 8 in Axes
  5318 | D:6      | Reached XP level 9. HP: 48/54 MP: 12/12
  5372 | D:6      | 5372 ||| INVOKING Heroism.
  5450 | D:6      | Reached skill level 6 in Fighting
  5499 | D:6      | 5499 ||| INVOKING Heroism.
  5565 | D:6      | Identified the ring of Moxyhuma {rElec rPois rF- Will++
                  | Dex+4}
  5650 | D:6      | 5650 ||| INVOKING Heroism.
  5901 | D:6      | Found a glowing silver altar of Zin.
  5902 | D:6      | Found a glowing golden altar of the Shining One.
  5904 | D:6      | Found a white marble altar of Elyvilon.
  5911 | D:6      | 5911 ||| DROPPING ring of willpower.
  5912 | D:6      | 5912 ||| READING scroll labelled HASOIM PITIRGH.
  5913 | D:6      | 5913 ||| READING scroll labelled COIMON DUSUTY.
  5914 | D:6      | 5914 ||| DROPPING +3 flail of holy wrath.
  5915 | D:6      | 5915 ||| READING 5 scrolls of identify.
  5915 | D:6      | 5915 ||| IDENTIFYING bubbling purple potion
  5916 | D:6      | 5916 ||| READING 4 scrolls of identify.
  5916 | D:6      | 5916 ||| IDENTIFYING brown potion
  5917 | D:6      | 5917 ||| READING 3 scrolls of identify.
  5917 | D:6      | 5917 ||| IDENTIFYING sapphire potion
  5918 | D:6      | 5918 ||| READING 2 scrolls of identify.
  5918 | D:6      | 5918 ||| IDENTIFYING metallic emerald potion
  5919 | D:6      | 5919 ||| DROPPING potion of degeneration.
  5920 | D:6      | 5920 ||| DROPPING potion of flight.
  5965 | D:7      | 5965 ||| Stepping ~*~*~tactically~*~*~ (stealth).
  5968 | D:7      | 5968 ||| Stepping ~*~*~tactically~*~*~ (stealth).
  5975 | D:7      | 5975 ||| INVOKING Heroism.
  5977 | D:7      | Reached *** piety under Okawaru
  5978 | D:7      | Reached skill level 9 in Axes
  6228 | D:7      | 6228 ||| INVOKING Heroism.
  6229 | D:7      | 6229 ||| Stepping ~*~*~tactically~*~*~ (hiding).
  6231 | D:7      | 6231 ||| Stepping ~*~*~tactically~*~*~ (hiding).
  6233 | D:7      | 6233 ||| Stepping ~*~*~tactically~*~*~ (hiding).
  6234 | D:7      | 6234 ||| Stepping ~*~*~tactically~*~*~ (hiding).
  6287 | D:7      | Found a shadowy altar of Dithmenos.
  6336 | D:7      | 6336 ||| Stepping ~*~*~tactically~*~*~ (stealth).
  6339 | D:7      | 6339 ||| Stepping ~*~*~tactically~*~*~ (stealth).
  6340 | D:7      | 6340 ||| Stepping ~*~*~tactically~*~*~ (stealth).
  6343 | D:7      | 6343 ||| INVOKING Heroism.
  6374 | D:7      | 6374 ||| FLEEEEING.
  6375 | D:7      | 6375 ||| FLEEEEING.
  6376 | D:7      | 6376 ||| FLEEEEING.
  6377 | D:7      | 6377 ||| FLEEEEING.
  6525 | D:7      | 6525 ||| INVOKING Heroism.
  6526 | D:7      | 6526 ||| FLEEEEING.
  6528 | D:7      | HP: 13/55 [acid dragon (7)]
  6530 | D:7      | Killed from afar by an acid dragon

Levels and vault maps discovered:
D:1:      heliophobic_arrival_enchanted_forest, layout_loops_ring,
          nicolae_kite_square_tiling_tiny
D:2:      layout_loops_cross, shapermc_ecumenical_altar_mp_urbaneastern,
          minmay_fractal_squares_5
D:3:      cheibrodos_greedy_goblins, layout_basic, amcnicky_altar_gilded,
          serial_shops, nicolae_shop_bloodbath_and_beyond, nrook_mini_backslash,
          serial_park_tiny_1, serial_park_tiny_pond,
          nicolae_elevator_lobby_asterisk, uniq_terence
D:4:      layout_basic, marbit_many_paths, serial_demonic, serial_demonic_b,
          serial_demonic_c, serial_demonic_e, serial_demonic_f,
          uniq_crazy_yiuf_cottage, uniq_menkaure, uniq_grinder
D:5:      layout_gridville, minmay_temple_entry_overgrown, grunt_decor_junction,
          uniq_edmund
D:6:      layout_rooms, good_gods_temple_1, lemuel_crystal_altar,
          mainiacjoe_overflow_catwalk, uniq_eustachio
D:7:      wander_river, layout_gridville, mainiacjoe_overflow_boulevard,
          grunt_dithmenos_shadows, uniq_prince_ribbit1, uniq_joseph

Skill      XL: |  1  2  3  4  5  6  7  8  9 |
---------------+----------------------------+-----
Axes           | 2 3 4 5 6 8 9 |  9.1
Fighting       | 4 5 6 |  6.1
Dodging        | 2 |  2.7
Invocations    | 2 4 |  4.0
Throwing       | 2 |  2.4
Shields        | 4 |  4.0
Armour         | |  3.7

Action                   |  1- 3 |  4- 6 |  7- 9 || total
-------------------------+-------+-------+-------++-------
Melee: War axe           |    68 |   165 |   212 ||   445
       Headbutt          |       |       |    40 ||    40
       Kick              |       |       |    46 ||    46
Throw: Boomerang         |    20 |    45 |    17 ||    82
       Javelin           |       |       |    18 ||    18
Invok: Heroism           |       |       |    13 ||    13
  Use: Scroll            |       |     5 |    10 ||    15
       Potion            |       |     3 |     3 ||     6
Armor: Scale mail        |    45 |    50 |       ||    95
       Chain mail        |       |    16 |    81 ||    97
Dodge: Dodged            |    39 |    93 |   116 ||   248
Block: Buckler           |    23 |    24 |    46 ||    93

Table legend:
 A = Non-vault XP
 B = Vault XP
 C = Vault XP percentage of total XP
 D = Non-vault monster count
 E = Vault monster count
 F = Vault count percentage of total count
                 A         B        C        D         E       F
            +---------+---------+-------+---------+---------+-------
      Total |    2601 |    1058 |  28.9 |     119 |      30 |  20.1
            +---------+---------+-------+---------+---------+-------
        D:1 |      30 |       0 |   0.0 |      10 |       0 |   0.0
        D:2 |      96 |      23 |  19.3 |      25 |       8 |  24.2
        D:3 |      63 |      56 |  47.1 |      25 |      11 |  30.6
        D:4 |     408 |     508 |  55.5 |      21 |       8 |  27.6
        D:5 |     589 |     368 |  38.5 |      14 |       2 |  12.5
        D:6 |    1016 |       0 |   0.0 |      17 |       0 |   0.0
        D:7 |     399 |     103 |  20.5 |       7 |       1 |  12.5
            +---------+---------+-------+---------+---------+-------
